 Dungeon Crawl Stone Soup version 0.17.0-24-gcfadda4 (console) character file.

1087 gw the Cudgeler (level 8, -2/73 HPs)
             Began as a Deep Dwarf Gladiator on Nov 18, 2015.
             Slain by an ogre
             ... wielding a +0 giant club
              (12 damage)
             ... on level 6 of the Dungeon.
             The game lasted 00:04:51 (3847 turns).

gw the Cudgeler (Deep Dwarf Gladiator)              Turns: 3847, Time: 00:04:51

Health: -2/73      AC:  9    Str: 20    XL:     8   Next: 9%
Magic:  5/5        EV: 12    Int:  8    God:
Gold:   376        SH:  0    Dex: 15    Spells: 0 memorised, 7 levels left

rFire  + . .     SeeInvis +     a - +0 flail
rCold  + + +     Clarity  .     u - +0 ring mail of Geget {rF+ rC+++ rCorr Stlth-} (curse)
rNeg   . . .     SustAt   .     (no shield)
rPois  +         Gourm    .     c - +0 helmet
rElec  .         Spirit   .     (no cloak)
rCorr  +         Warding  .     i - +1 pair of gloves
rMut   .         Stasis   .     (no boots)
MR     +....                    (no amulet)
Stlth  ..........               s - ring of see invisible
                                g - ring of poison resistance

@: non-regenerating, somewhat resistant to hostile enchantments, extremely
unstealthy
A: damage resistance, recharge devices, sense surroundings 1, slow regeneration
3
a: Device Recharging


You were on level 6 of the Dungeon.
You were hungry.

You visited 1 branch of the dungeon, and saw 6 of its levels.

You collected 376 gold pieces.

Inventory:

Hand Weapons
 a - a +0 flail (weapon)
Missiles
 d - 4 throwing nets
 o - 36 bolts
Armour
 c - a +0 helmet (worn)
 i - a +1 pair of gloves (worn)
 u - the cursed +0 ring mail of Geget (worn) {rF+ rC+++ rCorr Stlth-}
   (You found it on level 5 of the Dungeon)

   It protects you from fire.
   It renders you almost immune to cold.
   It protects you from acid and corrosion.
   It makes you less stealthy.
   It has a curse placed upon it.
Jewellery
 g - a ring of poison resistance (left hand)
 s - a ring of see invisible (right hand)
Wands
 e - a wand of heal wounds (5)
 q - a wand of draining (9)
 w - a wand of slowing (18)
Scrolls
 j - 2 scrolls of blinking
 m - 5 scrolls of remove curse
 n - 9 scrolls of identify
 v - 2 scrolls of magic mapping {unknown}
Potions
 b - 3 potions of haste
 h - a potion of curing
 p - a potion of invisibility {unknown}
 r - 2 potions of might
Comestibles
 f - 6 bread rations
 k - 3 slices of pizza
 l - a beef jerky
 t - 5 meat rations


   Skills:
 + Level 4.4 Fighting
 * Level 7.4 Maces & Flails
 - Level 1.7 Throwing
 + Level 4.8 Armour
 - Level 3.2 Dodging
 - Level 1.8 Evocations


You had 7 spell levels left.
You didn't know any spells.

Dungeon Overview and Level Annotations

Branches:
Dungeon (6/15)
 Temple: D:4-7

Altars:
Ashenzari
Nemelex Xobeh
Okawaru
Sif Muna
Xom

Shops:
D:5 (


Innate Abilities, Weirdness & Mutations

You are resistant to damage.
You can recharge devices by infusing magical energy.
You passively map a small area around you.
You do not regenerate naturally.


Message History

ATTACK MOVE TO (-1,1)
You barely miss the ogre.
The ogre is lightly wounded.
The orc warrior barely misses you. The ogre barely misses you.
ATTACK MOVE TO (-1,1)
You sock the ogre!
The ogre is heavily wounded.
The orc warrior hits you with a dire flail!
The ogre hits you with a giant club!
ATTACK MOVE TO (-1,1)
You hit the ogre.
The ogre is severely wounded.
The orc warrior closely misses you. The ogre hits you with a giant club!!
Charge which item? (? for menu, Esc to quit)
Choose an item to recharge, or Esc to abort.
Charge which item? (? for menu, Esc to quit)
Your wand of heal wounds (0) glows for a moment and now has 5 charges.
The orc warrior hits you with a dire flail!
The ogre hits you with a giant club!
You die...

#.. #.# #<. #.#
######.. * ###.#.....
#########.....##..
#...<.....#....... ,
,#g########...##### , ,
......Oo# #.........##
###.....#
###.#.....#.## ,, ,
#.#..... ...........##
##.....#**##.#.....#.##
##....# ##...#....#.##
, ##.#.###.#.#.#.#....#
, #.............#.....
##^#.#.####...#


You could see an orc warrior and an ogre.

Table legend:
 A = Turns spent in this place as a percentage of turns spent in the entire game.
 B = Non-inter-level travel turns spent in this place as a percentage of non-inter-level travel turns spent in the entire game.
 C = Inter-level travel turns spent in this place as a percentage of turns spent in this place.
 D = Turns resting spent in this place as a percentage of non-inter-level travel turns spent in this place.
 E = Turns spent auto-exploring this place as a percentage of non-inter-level travel turns spent in this place.
 F = Non-inter-level travel turns spent in this place divided by the number of levels of this place that you've seen.
                   A       B       C       D       E      F
               +-------+-------+-------+-------+-------+----------------------
         Total | 100.0 | 100.0 |   0.4 |   0.0 |   2.5 | 1395.8
       Dungeon | 100.0 | 100.0 |   0.4 |   0.0 |   2.5 | 1395.8
               +-------+-------+-------+-------+-------+----------------------

Table legend:
 A = Kills in this place as a percentage of kills in entire the game.
 B = Kills by you in this place as a percentage of kills by you in the entire game.
 C = Kills by friends in this place as a percentage of kills by friends in the entire game.
 D = Other kills in this place as a percentage of other kills in the entire game.
 E = Experience gained in this place as a percentage of experience gained in the entire game.
 F = Experience gained in this place divided by the number of levels of this place that you have seen.
                   A       B       C       D       E      F
               +-------+-------+-------+-------+-------+----------------------
         Total | 100.0 | 100.0 |  -nan | 100.0 | 100.0 | 258.8
       Dungeon | 100.0 | 100.0 |  -nan | 100.0 | 100.0 | 258.8
               +-------+-------+-------+-------+-------+----------------------

Vanquished Creatures
  A phantom (D:4)
  An ice beast (D:5)
  2 ogres (D:4)
  A giant frog (D:6)
  A water moccasin zombie (D:5)
  3 scorpions
  2 hounds
  An iguana (D:4)
  An orc priest (D:6)
  A giant frog skeleton (D:4)
  3 orc wizards
  A worker ant (D:5)
  A hound skeleton (D:5)
  A worker ant zombie (D:5)
  9 adders
  A worm (D:3)
  5 giant geckos
  14 orcs
  11 bats
  4 hobgoblins (D:3)
  2 quokkas
  4 ball pythons
  3 giant cockroaches
  A giant gecko skeleton (D:4)
  6 giant newts
  5 goblins
  13 jackals
  A jackal skeleton (D:4)
  10 kobolds
  12 rats
121 creatures vanquished.

Vanquished Creatures (others)
  An orc wizard (D:6)
1 creature vanquished.

Grand Total: 122 creatures vanquished

Notes
Turn   | Place    | Note
--------------------------------------------------------------
     0 | D:1      | gw the Deep Dwarf Gladiator began the quest for the Orb.
     0 | D:1      | Reached XP level 1. HP: 19/19 MP: 1/1
   100 | D:1      | Reached skill level 1 in Evocations
   207 | D:1      | Reached XP level 2. HP: 17/26 MP: 2/2
   589 | D:1      | Reached skill level 1 in Armour
   658 | D:2      | Reached XP level 3. HP: 32/32 MP: 4/4
  1193 | D:3      | Reached skill level 4 in Maces & Flails
  1196 | D:3      | Reached XP level 4. HP: 30/39 MP: 5/5
  1734 | D:3      | Reached XP level 5. HP: 25/46 MP: 6/6
  2072 | D:4      | Noticed a phantom
  2114 | D:4      | Killed a phantom
  2114 | D:4      | Reached skill level 5 in Maces & Flails
  2114 | D:4      | Reached XP level 6. HP: 38/56 MP: 7/7
  2136 | D:4      | Found an iron altar of Okawaru.
  2280 | D:4      | Noticed an ogre
  2297 | D:4      | Killed an ogre
  2439 | D:4      | Noticed an ogre
  2450 | D:4      | Killed an ogre
  2760 | D:5      | Entered Level 5 of the Dungeon
  2760 | D:5      | Found a sparkling altar of Nemelex Xobeh.
  2797 | D:5      | Found a shattered altar of Ashenzari.
  2849 | D:5      | Got a distressingly furry ring mail
  2860 | D:5      | Identified the cursed +0 ring mail of Geget {rF+ rC+++ rCorr Stlth-} (You found it on level 5 of the Dungeon)
  2876 | D:5      | Reached skill level 6 in Maces & Flails
  2876 | D:5      | Reached XP level 7. HP: 35/63 MP: 8/8
  2936 | D:5      | Found Jagiog's Antique Weapon Shop.
  3090 | D:5      | Found a shimmering altar of Xom.
  3184 | D:5      | Found a deep blue altar of Sif Muna.
  3528 | D:6      | Reached skill level 7 in Maces & Flails
  3831 | D:6      | Reached XP level 8. HP: 35/73 MP: 6/6
  3847 | D:6      | Slain by an ogre

Action                   |  1- 3 |  4- 6 |  7- 9 || total
-------------------------+-------+-------+-------++-------
Melee: Flail             |   146 |   210 |   214 ||   570
 Abil: Device Recharging |       |       |     4 ||     4
Evoke: Wand              |     1 |     3 |    12 ||    16
  Use: Scroll            |     8 |     1 |     1 ||    10
       Potion            |     4 |     2 |     1 ||     7
  Eat: Chunk             |     2 |     6 |     3 ||    11

Vault maps used:
D:1:      minmay_arrival_stair_chambers, minmay_strange_pillars
D:3:      wad_river_or_something
D:4:      okawaru_trees_1
D:5:      evilmike_ruin_ashenzari, marbit_many_paths, lemuel_doored_altar,
          overflow_temple_1_default, first_bread, serial_shops, shop,
          minmay_misc_feat_four_crosses
